 Dungeon Crawl Stone Soup version 0.18.1-50-g88ac8fd (webtiles) character file.

145 Kirkhe the Covered (level 5, 0/41 HPs)
             Began as a Formicid Fighter on Oct 10, 2016.
             Killed by divine providence
             ... invoked by an orc priest
              (12 damage)
             ... on level 3 of the Dungeon.
             The game lasted 00:02:42 (1582 turns).

Kirkhe the Covered (Formicid Fighter)               Turns: 1582, Time: 00:02:43

Health: 0/41       AC:  6    Str: 26    XL:     5   Next: 53%
Magic:  5/5        EV: 11    Int:  8    God:
Gold:   46         SH:  0    Dex: 15    Spells: 0 memorised, 4 levels left

rFire  . . .     SeeInvis +     a - +0 war axe
rCold  + . .     Gourm    .     n - +0 leather armour {rC+}
rNeg   . . .     Faith    .     (no shield)
rPois  .         Spirit   .     (helmet unavailable)
rElec  .         Dismiss  .     (no cloak)
rCorr  .         Reflect  .     j - +2 pair of gloves
SustAt .         Harm     .     (no boots)
MR     .....                    (no amulet)
Stlth  +.........               (no ring)
                                q - +5 ring of dexterity

@: mighty, not resistant to hostile enchantments, very unstealthy
A: permanent stasis, dig shafts and tunnels, four strong arms, antennae 3
a: Dig, Shaft Self


You were on level 3 of the Dungeon.
You were not hungry.

You visited 1 branch of the dungeon, and saw 3 of its levels.

You collected 46 gold pieces.

Inventory:

Hand Weapons
 a - a +0 war axe (weapon)
Missiles
 l - 16 poisoned needles
Armour
 b - a +0 scale mail
 c - a +0 shield
 j - a +2 pair of gloves (worn)
 n - a +0 leather armour of cold resistance (worn)
Jewellery
 q - a +5 ring of dexterity (left hand)
Scrolls
 e - 4 scrolls of enchant weapon {unknown}
 g - 2 scrolls of identify {unknown}
 h - a scroll of remove curse {unknown}
 k - 3 scrolls of immolation {unknown}
 m - a scroll of enchant armour {unknown}
 p - a scroll of random uselessness {unknown}
 t - a scroll of magic mapping {unknown}
Potions
 d - a potion of might
 o - a potion of flight {unknown}
 r - a potion of heal wounds {unknown}
Comestibles
 f - a bread ration
 i - a meat ration
 s - a beef jerky


   Skills:
 - Level 3.2 Fighting
 + Level 3.5 Axes
 + Level 4.8 Armour
 + Level 4.5 Shields


You had 4 spell levels left.
You didn't know any spells.

Dungeon Overview and Level Annotations

Branches:
Dungeon (3/15)

Altars:
Makhleb
Yredelemnul
Zin


Innate Abilities, Weirdness & Mutations

You are under a permanent stasis effect.
You can dig through walls and to a lower floor.
Your four strong arms can wield two-handed weapons with a shield.
You have a pair of large antennae on your head (SInv).


Message History

Beogh smites you!
You hit the orc priest.
The orc priest is lightly wounded.
The orc priest hits you with a mace.
* * * LOW HITPOINT WARNING * * *
You are too injured to fight recklessly!
Drink which item? (? for menu, Esc to quit)
You feel very mighty all of a sudden.
The orc priest hits you but does no damage.
You barely miss the orc priest.
The orc priest is lightly wounded.
The orc priest closely misses you.
You slash the orc priest!
You kill the orc priest!
Items here: ))) [[ a mace; a leather armour; a club; a trident; a leather armour An orc priest comes into view.
It is wielding a hand axe.
The orc priest calls down the wrath of Beogh upon you.
Beogh smites you!
You die...

#.........##..#.########....#
##......#.##................#
#......# ##..#......##.....#
###......#.....#......##.....#
<........#####........##.....#
.###.....# ##.......##....##
.###.....######o......#######
.....†..##...$#..######
..............##@###
.....#####.....)>..# P....#
#....[##### ...### ###...# P..
##### ... ..


You could see an orc priest.

Vanquished Creatures
  A howler monkey (D:3)
  An orc priest (D:3)
  4 adders
  An ooze (D:1)
  2 worms (D:2)
  A dart slug (D:1)
  2 orcs (D:3)
  3 bats
  A giant cockroach (D:3)
  5 goblins
  A hobgoblin (D:1)
  3 jackals (D:1)
  A giant newt (D:2)
  2 kobolds (D:2)
  5 rats
33 creatures vanquished.

Notes
Turn   | Place    | Note
--------------------------------------------------------------
     0 | D:1      | Kirkhe the Formicid Fighter began the quest for the Orb.
     0 | D:1      | Reached XP level 1. HP: 18/18 MP: 1/1
   456 | D:1      | Reached XP level 2. HP: 24/24 MP: 2/2
   744 | D:1      | Reached XP level 3. HP: 29/29 MP: 3/3
   763 | D:2      | Found a glowing silver altar of Zin.
  1016 | D:2      | Reached XP level 4. HP: 15/35 MP: 4/4
  1281 | D:2      | Found a burning altar of Makhleb.
  1281 | D:2      | Noticed a green death
  1546 | D:3      | Found a basalt altar of Yredelemnul.
  1555 | D:3      | Reached XP level 5. HP: 38/41 MP: 5/5
  1582 | D:3      | Killed from afar by an orc priest

Skill      XL: |  1  2  3  4 |
---------------+-------------+-----
Armour         | 4 |  4.8
Shields        | 4 |  4.5
Axes           | 3 |  3.5
Fighting       | |  3.2

Action                   |  1- 3 |  4- 6 || total
-------------------------+-------+-------++-------
Melee: War axe           |    86 |    30 ||   116
  Use: Potion            |       |     1 ||     1
  Eat: Chunk             |       |     2 ||     2
Armor: Scale mail        |    40 |       ||    40
       Leather armour    |     9 |    15 ||    24
Dodge: Dodged            |    65 |    28 ||    93
